 Dungeon Crawl Stone Soup version 0.29-a0-330-g52719c12eb (webtiles) character file.

Game seed: 9274597483179109

130 night the Grasshopper (level 4, 0/36 HPs)
             Began as a Draconian Warper on May 12, 2022.
             Was a Follower of Qazlal.
             Slain by Sigmund
             ... wielding a +1 scythe of venom
              (4 damage)
             ... on level 3 of the Dungeon.
             The game lasted 00:05:12 (3640 turns).

night the Grasshopper (Draconian Warper)            Turns: 3640, Time: 00:05:13

Health: 0/36       AC:  7    Str: 13    XL:     4   Next: 90%
Magic:  7/7        EV: 12    Int: 15    God:    Qazlal [*.....]
Gold:   125        SH:  0    Dex: 11    Spells: 5/7 levels left

rFire   . . .      SeeInvis .     - Unarmed
rCold   . . .      Faith    .   (no shield)
rNeg    . . .      Spirit   .   (body armour unavailable)
rPois   .          Reflect  .   (helmet restricted)
rElec   .          Harm     .   (no cloak)
rCorr   .          Rampage  .   g - +1 pair of gloves
Will    .....                   (no boots)
Stlth   +.........              (no amulet)
HPRegen 0.12/turn               (no ring)
MPRegen 0.10/turn               (no ring)

@: confused, lethally poisoned (0 -> -12), ambrosia-drunk
A: AC +5, unfitting armour, cold-blooded
a: Renounce Religion


You were on level 3 of the Dungeon.
You worshipped Qazlal.
Qazlal was aware of your devotion.
You visited 1 branch of the dungeon, and saw 3 of its levels.

You collected 125 gold pieces.

Inventory:

Missiles
 b - 6 boomerangs of dispersal (quivered)
 d - 38 stones
 i - 4 curare-tipped darts
 m - 5 poisoned darts
Armour
 g - a +1 pair of gloves (worn)
Jewellery
 a - an amulet of magic regeneration
 e - a ring of see invisible
Wands
 o - a wand of mindburst (14)
Scrolls
 k - a scroll of fog {unknown}
 l - a scroll of brand weapon
Potions
 f - a potion of degeneration {unknown}
 h - a potion of mutation {unknown}
 n - a potion of heal wounds {unknown}


   Skills:
 - Level 2.1 Fighting
 - Level 0.8 Throwing
 - Level 2.1 Dodging
 + Level 3.3 Unarmed Combat
 - Level 2.0 Spellcasting
 * Level 5.0 Translocations


You had 5 spell levels left.
You knew the following spells:

 Your Spells              Type           Power      Damage    Failure   Level
a - Blink                 Tloc           32%        N/A       4%          2

Your spell library contained the following spells:

 Spells                   Type           Power      Damage    Failure   Level
 Gell's Gravitas          Tloc           16%        N/A       9%          3
 Lesser Beckoning         Tloc           16%        N/A       9%          3
 Teleport Other           Tloc           16%        N/A       9%          3
 Manifold Assault         Tloc           16%        N/A       61%         5


Dungeon Overview and Level Annotations

Branches:
Dungeon (3/15)

Altars:
Nemelex Xobeh
Qazlal
Xom

Annotations:
D:3 Sigmund


Innate Abilities, Weirdness & Mutations

Your plain brown scales are hard. (AC +5)
You cannot fit into any form of body armour.
You are cold-blooded and may be slowed by cold attacks.


Message History

The bat attacks as you move away! The bat hits you but does no damage.
The bat closely misses you. x2
The bat closely misses you. The bat barely misses you.
You hit the bat but do no damage. You block the bat's attack.
The bat closely misses you.
You closely miss the bat. The bat barely misses you. x2
You barely miss the bat. The bat hits you but does no damage. The bat hits you.
Something hits you.
You are poisoned.
The bat hits you but does no damage.
You hit the bat.
You kill the bat!
Qazlal accepts your kill.
You feel very sick.
You hear some strange, mumbled words.
A puff of flame appears from out of thin air!
The puff of flame hits you.
Your Translocations skill increases to level 5!
You feel very sick. Something hits you!
* * * LOW HITPOINT WARNING * * *
You are more poisoned.
Aiming: Mindburst
Press: ? - help, Shift-Dir - straight line, f - goblin
Aim: a goblin, wielding a +0 dagger (chance to affect: 79%)
Okay, then.
As you read the scroll labelled ARUHOWASUI, it crumbles to dust.
You feel aware of your surroundings.
You sensed 1 altar.
It was a scroll of magic mapping.
* * * LOW HITPOINT WARNING * * *
You feel very sick. The goblin hits you but does no damage.
It was a potion of ambrosia.
You are confused.
You feel invigorated.
* * * LOW HITPOINT WARNING * * *
You feel very sick. The goblin hits you but does no damage. Something hits you.
You die...

,,#####.....##.......÷........,,,
,,* ########...#.#######......,
..#######..........# ##........,
,.........#######..####....[....,
..###.........# ##..##^.........,
..............#####.............,
#####.............###...........,
.....†........{##..##...........,
...............g@○...)..........,
..<...........###...............,
................................,
..................###...##....##*
..............................#**
..<...###...####.....###..###...,
**###.,.....................##..,
***#**...........#............#,
**,,,,,......................#***


You could see a goblin.

Vanquished Creatures
  A gnoll (D:1)
  6 adders
  2 worms (D:2)
  A dart slug (D:1)
  8 endoplasms
  5 goblins
  7 hobgoblins
  5 jackals (D:3)
  4 quokkas
  A ball python (D:1)
  4 bats
  A frilled lizard (D:3)
  2 kobolds
  9 rats
56 creatures vanquished.

Vanquished Creatures (others)
  12 plants (D:1)
12 creatures vanquished.

Grand Total: 68 creatures vanquished

Notes
Turn   | Place    | Note
-------+----------+-------------------------------------------
     0 | D:1      | night the Draconian Warper began the quest for the Orb.
     0 | D:1      | Reached XP level 1. HP: 17/17 MP: 3/3
   119 | D:1      | HP: 2/17 [gnoll/+0 flail (7)]
   539 | D:2      | Reached XP level 2. HP: 11/24 MP: 5/5
  1119 | D:1      | Learned a level 2 spell: Blink
  1133 | D:1      | Reached skill level 4 in Translocations
  1133 | D:1      | Reached XP level 3. HP: 12/29 MP: 6/6
  1842 | D:2      | Found a shimmering altar of Xom.
  2084 | D:2      | Reached XP level 4. HP: 22/36 MP: 7/7
  2262 | D:2      | Found a faded altar of an unknown god.
  2272 | D:2      | Prayed at the altar of an unknown god.
  2272 | D:2      | Became a worshipper of Qazlal Stormbringer
  2272 | D:2      | Reached * piety under Qazlal
  3397 | D:3      | Found a sparkling altar of Nemelex Xobeh.
  3618 | D:3      | Noticed Sigmund
  3638 | D:3      | Reached skill level 5 in Translocations
  3639 | D:3      | HP: 3/36 [poisoned by Sigmund]
  3640 | D:3      | Slain by Sigmund

Illustrated notes

Levels and vault maps discovered:
D:1:      heliophobic_arrival_dark_side_of_the_moon, layout_basic,
          columned_hall_lemuel, nicolae_grassy_gnolls
D:2:      minmay_chambers_of_ones, layout_loops_cross, basic_ecumenical_altar,
          basic_altar
D:3:      layout_rooms, mainiacjoe_overflow_small_starburst, zin_scriptorium,
          uniq_sigmund, uniq_crazy_yiuf_cottage

Skill      XL: |  1  2  3  4 |
---------------+-------------+-----
Translocations | 4 5 |  5.0
Unarmed Combat | 3 |  3.3
Fighting       | |  2.1
Throwing       | |  0.8
Dodging        | |  2.1
Spellcasting   | |  2.0

Action                   |  1- 3 |  4- 6 || total
-------------------------+-------+-------++-------
Melee: Unarmed           |   179 |   125 ||   304
       Tailslap          |    18 |     9 ||    27
       Punch             |     5 |       ||     5
Throw: Boomerang         |     1 |       ||     1
       Dart              |       |     5 ||     5
  Use: Scroll            |     1 |     7 ||     8
       Potion            |       |     1 ||     1
 Stab: Sleeping          |     1 |       ||     1
Armor: Skin              |    48 |    63 ||   111
Dodge: Dodged            |    90 |   110 ||   200
Block: Other             |       |     5 ||     5

Table legend: (Time is in decaauts)
 A = Elapsed time spent in this place.
 B = Non-inter-level travel time spent in this place.
 C = Inter-level travel time spent in this place.
 D = Time resting spent in this place.
 E = Time spent auto-exploring this place.
 F = Levels seen in this place.
 G = Mean time per level.
                   A        B        C        D        E       F      G
               +--------+--------+--------+--------+--------+-----+--------+
         Total |   3626 |   3608 |     18 |    830 |   2182 |   3 | 1208.7 |
       Dungeon |   3626 |   3608 |     18 |    830 |   2182 |   3 | 1208.7 |
               +--------+--------+--------+--------+--------+-----+--------+

Top non-repeatable levels by time:
     D:2: 1760 daAuts
     D:1: 1243 daAuts
     D:3: 622 daAuts
